Description

2-rax reaper rush

Replay - Defender's Landing LE (34)

Build Order

Why is there no SALT encoding or Overwolf build?

  12  0:01  SCV  
  13    Supply Depot  
  13  0:37  Barracks  
  13  0:38  Barracks  
  13  0:48  Refinery  
  13  0:57  Refinery  
  13  1:01  SCV x2  
  15  1:25  Reaper x2  
  17  1:27  SCV  
  18  1:51  Orbital Command  
  18  2:00  Action Constantly produce reapers and SCVs from here, advancing into whatever play you want while maintaining pressure.  
Spawning Tool Build Advisor. Get it on Overwolf

Analysis

Destroys early expo builds

Go to:

Details

  • Created by: jolleyboy
  • Published on: Jul 11, 2017
  • Modified on: Jul 11, 2017
  • Patch: 3.8.0
Show

Export as new Build Order

Comments (0)

There are no comments. Be the first!

Create an account to comment!